 Dungeon Crawl Stone Soup version 0.31-a0-150-g89dc3ad700 (webtiles) character file.

Game seed: 5738772913208499470

301 qw the Shooter (level 6, -1/38 HPs)
             Began as a Gargoyle Hunter on June 8, 2023.
             Slain by a two-headed ogre
             ... wielding a +0 giant club
              (6 damage)
             ... on level 4 of the Dungeon.
             The game lasted 00:01:19 (2755 turns).

qw the Shooter (Gargoyle Hunter)                    Turns: 2755, Time: 00:01:20

Health: -1/38      AC: 11    Str: 14    XL:     6   Next: 37%
Magic:  6/6        EV: 11    Int: 10    God:
Gold:   228        SH:  0    Dex: 15    Spells: 5/5 levels left

rFire   . . .        Y - +2 shortbow (drain)
rCold   . . .        (shield currently unavailable)
rNeg    + . .        e - +1 leather armour {rPois}
rPois   inf          h - +2 helmet
rElec   +            (no cloak)
rCorr   .            (no gloves)
SInv    +            (no boots)
Will    .....        (no amulet)
Stlth   ++           d - ring of see invisible
HPRegen 0.26/turn    (no ring)
MPRegen 0.10/turn

%: no passive effects
@: no status effects
A: sickness immunity, AC +4, negative energy resistance 1, electricity
resistance, torment resistance 1, petrification resistance
a: no special abilities


You were on level 4 of the Dungeon.
You visited 1 branch of the dungeon, and saw 4 of its levels.

You collected 228 gold pieces.


Innate Abilities, Weirdness & Mutations

You are immune to sickness and miasma.
Your stone body is resilient. (AC +4)
You are immune to poison.
You resist negative energy. (rN+)
You are resistant to electric shocks. (rElec)
You are resistant to unholy torment.
You are immune to petrification.


   Skills:
 - Level 4.0 Fighting
 + Level 6.4 Ranged Weapons
 - Level 1.8 Armour
 - Level 1.5 Dodging
 - Level 1.1 Stealth


You had 5 spell levels left.
You didn't know any spells.
Your spell library was empty.

Inventory:

Hand Weapons
 Y - a +2 shortbow of draining (weapon)
Armour
 e - a +1 leather armour of poison resistance (worn)
 g - the +3 leather armour of Gauvvij {-Tele Will+++ Int+5 Stlth+}
   (You found it on level 2 of the Dungeon)

   Int:       It affects your intelligence (+5).
   -Tele:     It prevents most forms of teleportation.
   Will:      It greatly increases your willpower.
   Stlth:     It makes you more stealthy.
 h - a +2 helmet (worn)
Jewellery
 d - a ring of see invisible (left hand)
Scrolls
 a - a scroll of identify
 i - a scroll of enchant armour
 j - 2 scrolls of teleportation
Potions
 b - a potion of invisibility {unknown}
 c - 2 potions of curing {unknown}
 f - a potion of heal wounds {unknown}

Dungeon Overview and Level Annotations

Branches:
Dungeon (4/15)
 Temple: D:4-7

Altars:
The Shining One

Annotations:
D:3 1 runed translucent door, Crazy Yiuf


Message History

Enter note:
Enter note:
Enter note:
Enter note:
Enter note: A two-headed ogre comes into view.
It is wielding two +0 giant clubs.
Enter note:
Enter note:
Enter note:
Enter note:
Enter note:
Enter note: You shoot an arrow.
The arrow completely misses the two-headed ogre.
You shoot an arrow. The two-headed ogre shouts in stereo!
The arrow hits the two-headed ogre!
The two-headed ogre is lightly wounded.
You shoot an arrow. The arrow hits the two-headed ogre.
The two-headed ogre is moderately wounded.
You shoot an arrow. The arrow hits the two-headed ogre.
The two-headed ogre is moderately wounded.
You shoot an arrow.
The arrow hits the two-headed ogre but does no damage.
You drain the two-headed ogre.
The two-headed ogre is moderately wounded.
You shoot an arrow. The arrow hits the two-headed ogre!
You drain the two-headed ogre.
The two-headed ogre is severely wounded.
You shoot an arrow. The arrow hits the two-headed ogre.
You drain the two-headed ogre.
The two-headed ogre is severely wounded.
The two-headed ogre barely misses you.
The two-headed ogre hits you with a +0 giant club!
You shoot an arrow.
The arrow completely misses the two-headed ogre.
The two-headed ogre hits you with a +0 giant club!!
Ouch! That really hurt!
The two-headed ogre hits you with a +0 giant club.
You die...

#.#.#..# #..#.# #..........
#.#.#..# #..#.# ##.....###
#.#.#..# #..#.# #.......#
.#.#.#..#####..#.#####.......#
.....................).###...# .
.#####..#.#..#.#.#####..########.
.....#..#.#..#.#.# ##..........
........#.#..#.#.# #..######..
.###)...#.#..#.#@# ##.....##..
######.#..#.#O# #.###.##..
#.#..#<#.# #.# #.##.. #.#..###.#
#.###..... #.#..# #.#
#........... #.# #........... #.#
#........... ... #...........
#...........


You could see a two-headed ogre (drained).

Vanquished Creatures
  2 orc priests (D:3)
  A gnoll bouda (D:4)
  2 orc wizards (D:3)
  5 gnolls (D:4)
  3 adders
  A worm (D:2)
  2 dart slugs (D:1)
  9 orcs
  8 bats
  8 endoplasms
  2 giant cockroaches
  6 goblins
  6 hobgoblins
  5 jackals
  A quokka (D:2)
  11 ball pythons
  5 frilled lizards
  6 kobolds
  8 rats
91 creatures vanquished.

Notes
Turn   | Place    | Note
-------+----------+-------------------------------------------
     0 | D:1      | qw the Gargoyle Hunter began the quest for the Orb.
     0 | D:1      | Reached XP level 1. HP: 12/12 MP: 1/1
     0 | D:1      | 0 ||| qw: Version: 0.2-a-119-g7aa9181
     0 | D:1      | 0 ||| qw: Game counter: 2818
     0 | D:1      | 0 ||| qw: Always use a shield: true
     0 | D:1      | 0 ||| qw: God list: Okawaru
     0 | D:1      | 0 ||| qw: Allow faded altars: false
     0 | D:1      | 0 ||| qw: Do Orc after D:15 true
     0 | D:1      | 0 ||| qw: Do second Lair branch before Depths: true
     0 | D:1      | 0 ||| qw: Lair rune preference: random
     0 | D:1      | 0 ||| qw: Plans: Normal
     0 | D:1      | 0 ||| PLANNING D:1-11
   129 | D:1      | Reached XP level 2. HP: 17/17 MP: 2/2
   282 | D:1      | 282 ||| UPGRADING to +1 leather armour of poison
                  | resistance.
   298 | D:1      | 298 ||| DROPPING +0 leather armour.
   379 | D:1      | Reached XP level 3. HP: 21/21 MP: 3/3
   417 | D:1      | Reached skill level 5 in Ranged Weapons
   912 | D:1      | 912 ||| READING scroll labelled KOUPOSHAMY.
   913 | D:1      | 913 ||| READING scroll labelled ESIPOYS UVAVIA.
   914 | D:1      | 914 ||| READING 2 scrolls labelled GUIZURH PINE.
   915 | D:1      | 915 ||| READING scroll of enchant weapon.
   915 | D:1      | 915 ||| ENCHANTING +1 shortbow of draining.
   924 | D:1      | 924 ||| READING scroll labelled KETATA XAY.
  1025 | D:1      | 1025 ||| READING 2 scrolls labelled WOKORUIMIE.
  1026 | D:1      | 1026 ||| READING scroll labelled HEBADA ITOOTS.
  1027 | D:1      | 1027 ||| DROPPING scroll of butterflies.
  1028 | D:1      | 1028 ||| DROPPING scroll of magic mapping.
  1227 | D:2      | Reached skill level 3 in Fighting
  1342 | D:2      | Reached XP level 4. HP: 28/28 MP: 4/4
  1377 | D:2      | Identified the +3 leather armour of Gauvvij {-Tele Will+++
                  | Int+5 Stlth+}
  1497 | D:2      | Found a faded altar of an unknown god.
  1649 | D:2      | 1649 ||| UPGRADING to ring of see invisible.
  1650 | D:2      | 1650 ||| READING scroll labelled YRELAJ YBUEHAY.
  1651 | D:2      | 1651 ||| DRINKING 2 dark potions.
  1652 | D:2      | 1652 ||| DROPPING potion of degeneration.
  1695 | D:3      | 1695 ||| Stepping ~*~*~tactically~*~*~ (outnumbered).
  1697 | D:3      | 1697 ||| FLEEEEING.
  1698 | D:3      | 1698 ||| FLEEEEING.
  1699 | D:3      | 1699 ||| FLEEEEING.
  1700 | D:3      | 1700 ||| FLEEEEING.
  1701 | D:3      | 1701 ||| FLEEEEING.
  1702 | D:3      | 1702 ||| FLEEEEING.
  1703 | D:3      | 1703 ||| FLEEEEING.
  1704 | D:3      | 1704 ||| FLEEEEING.
  1705 | D:3      | 1705 ||| FLEEEEING.
  1706 | D:3      | 1706 ||| FLEEEEING.
  1707 | D:3      | 1707 ||| STAIRDANCE
  1764 | D:3      | 1764 ||| STAIRDANCE
  1797 | D:3      | 1797 ||| Stepping ~*~*~tactically~*~*~ (outnumbered).
  1858 | D:3      | Reached XP level 5. HP: 32/32 MP: 5/5
  1870 | D:3      | Found a glowing golden altar of the Shining One.
  2049 | D:3      | 2049 ||| Stepping ~*~*~tactically~*~*~ (outnumbered).
  2051 | D:3      | 2051 ||| Stepping ~*~*~tactically~*~*~ (outnumbered).
  2053 | D:3      | 2053 ||| Stepping ~*~*~tactically~*~*~ (outnumbered).
  2055 | D:3      | 2055 ||| Stepping ~*~*~tactically~*~*~ (outnumbered).
  2058 | D:3      | Reached skill level 6 in Ranged Weapons
  2277 | D:3      | 2277 ||| FLEEEEING.
  2374 | D:3      | Found a runed translucent door.
  2375 | D:3      | Noticed Crazy Yiuf
  2406 | D:3      | 2406 ||| UPGRADING to +2 helmet.
  2411 | D:3      | 2411 ||| DROPPING ring of wizardry.
  2412 | D:3      | 2412 ||| READING scroll labelled UXIRCH TAMIAWK.
  2413 | D:3      | 2413 ||| READING 2 scrolls labelled USTROT TIKH.
  2414 | D:3      | 2414 ||| READING 2 scrolls labelled CEAMOM OQEB.
  2438 | D:3      | 2438 ||| READING scroll labelled UVEENA ONEA.
  2460 | D:3      | 2460 ||| READING scroll labelled VUIHEZA DACSAI.
  2554 | D:4      | Reached skill level 1 in Armour
  2554 | D:4      | Reached XP level 6. HP: 38/38 MP: 6/6
  2747 | D:4      | Noticed a two-headed ogre
  2755 | D:4      | HP: 5/38 [two-headed ogre/+0 giant club (24)]
  2755 | D:4      | Slain by a two-headed ogre

Levels and vault maps discovered:
D:1:      dpeg_arrival_snail, layout_basic, serial_bayou, serial_bayou_lagoon_a,
          serial_bayou_pond_c, serial_bayou_shore_a, serial_bayou_shore_b,
          serial_bayou_ford_a
D:2:      layout_basic, shapermc_ecumenical_altar_mp_vishouse
D:3:      layout_basic, overflow_temple_1_default, minmay_pentangle,
          uniq_crazy_yiuf_cottage
D:4:      layout_basic, uniq_menkaure

Skill      XL: |  1  2  3  4  5  6 |
---------------+-------------------+-----
Ranged Weapons | 5 6 |  6.4
Fighting       | 3 4 |  4.0
Armour         | 1 |  1.8
Dodging        | |  1.5
Stealth        | |  1.1

Action                     |  1- 3 |  4- 6 || total
---------------------------+-------+-------++-------
   Fire: Shortbow          |   127 |   109 ||   236
    Use: Scroll            |     7 |     6 ||    13
         Potion            |       |     1 ||     1
 Armour: Leather armour    |    34 |     8 ||    42
  Dodge: Dodged            |    50 |    14 ||    64

Table legend:
 A = Non-vault XP
 B = Vault XP
 C = Vault XP percentage of total XP
 D = Non-vault monster count
 E = Vault monster count
 F = Vault count percentage of total count
                 A         B        C        D         E       F
            +---------+---------+-------+---------+---------+-------
      Total |     426 |       5 |   1.2 |      88 |       3 |   3.3
            +---------+---------+-------+---------+---------+-------
        D:1 |      49 |       0 |   0.0 |      29 |       0 |   0.0
        D:2 |      55 |       0 |   0.0 |      18 |       0 |   0.0
        D:3 |     190 |       5 |   2.6 |      25 |       3 |  10.7
        D:4 |     132 |       0 |   0.0 |      16 |       0 |   0.0
            +---------+---------+-------+---------+---------+-------
